 Dungeon Crawl Stone Soup version 0.22.2-1-ge965b3a (webtiles) character file.

199 smallpebble the Slasher (level 5, 0/46 HPs)
             Began as a Hill Orc Fighter on Mar 30, 2019.
             Was an Initiate of the Shining One.
             Slain by an iguana (4 damage)
             ... on level 5 of the Dungeon.
             The game lasted 00:29:01 (3277 turns).

smallpebble the Slasher (Hill Orc Fighter)          Turns: 3277, Time: 00:29:01

Health: 0/46       AC: 11    Str: 20    XL:     5   Next: 77%
Magic:  5/5        EV:  5    Int:  8    God:    the Shining One [......]
Gold:   251        SH:  9    Dex: 10    Spells: 4/4 levels left

rFire    . . .     SeeInvis .   a - +0 long sword
rCold    + . .     Gourm    .   c - +0 shield
rNeg     + . .     Faith    .   k - +0 chain mail
rPois    .         Spirit   .   v - +0 helmet
rElec    .         Reflect  .   B - scarf {cloud immunity}
rCorr    .         Harm     .   (no gloves)
MR       .....                  q - +0 pair of boots
Stlth    ..........             (no amulet)
HPRegen  0.15/turn              y - ring of positive energy
MPRegen  0.09/turn              w - ring of protection from cold

@: glowing
A: no striking features
a: Renounce Religion


You were on level 5 of the Dungeon.
You worshipped the Shining One.
The Shining One was noncommittal.
You were not hungry.

You visited 1 branch of the dungeon, and saw 5 of its levels.

You collected 251 gold pieces.

Inventory:

Hand Weapons
 a - a +0 long sword (weapon)
 j - a +0 vampiric hand axe
 z - a cursed -3 mace
Armour
 b - a +0 scale mail
 c - a +0 shield (worn)
 i - a +0 robe
 k - a +0 chain mail (worn)
 q - a +0 pair of boots (worn)
 u - a +0 animal skin
 v - a +0 helmet (worn)
 B - a scarf of cloud immunity (worn)
Jewellery
 p - an uncursed ring of magical power
 w - a ring of protection from cold (right hand)
 y - a ring of positive energy (left hand)
Wands
 t - a wand of polymorph (7)
Scrolls
 h - 4 scrolls of identify
 l - a scroll of fog {unknown}
 n - 2 scrolls of teleportation {unknown}
 r - 2 scrolls of enchant weapon {unknown}
 x - 3 scrolls of amnesia {unknown}
 A - a scroll of immolation {unknown}
Potions
 d - a potion of might
 e - 6 potions of curing {unknown}
 g - 2 potions of degeneration {unknown}
 m - 2 potions of agility {unknown}
 o - a potion of mutation {unknown}
 s - 3 potions of flight {unknown}
Comestibles
 f - 7 rations


   Skills:
 * Level 3.9 Fighting
 - Level 5.4 Long Blades
 + Level 3.6 Armour
 - Level 1.0 Dodging
 - Level 0.5 Stealth
 + Level 3.6 Shields


You had 4 spell levels left.
You didn't know any spells.
Your spell library was empty.

Dungeon Overview and Level Annotations

Branches:
Dungeon (4/15)
 Temple: D:4-7

Altars:
Ashenzari
Makhleb
The Shining One


Message History

a flail; a vampiric trident
There is a stone staircase leading down here.
You can't go up here!
You block the ogre's attack.
There is an open door here.
The ogre hits you with a giant club!
* * * LOW HITPOINT WARNING * * *
There is a shaft here.
You fall through a shaft for 2 floors!
The shaft crumbles and collapses.
An iguana comes into view.
The iguana hisses angrily.
A quokka comes into view.
You hit the quokka.
The quokka is severely wounded.
The quokka bites you but does no damage.
You slash the quokka!
You kill the quokka!
The iguana bites you.
You die...

####### #.@l..#
#.###.###########
#. #............
#. #############
#. #. #. #.


You could see an iguana.

Vanquished Creatures
  An orc priest (D:3)
  Robin (D:2)
  4 gnolls (D:3)
  3 adders (D:2)
  A dart slug (D:3)
  4 worms
  4 leopard geckos
  5 orcs (D:3)
  2 ball pythons
  A giant cockroach (D:1)
  14 goblins
  8 hobgoblins
  2 quokkas
  7 bats
  2 frilled lizards (D:1)
  11 kobolds
  7 rats
  2 bushes (D:1)
  2 plants (D:1)
81 creatures vanquished.

Notes
Turn   | Place    | Note
-------+----------+-------------------------------------------
     0 | D:1      | smallpebble the Hill Orc Fighter began the quest for the
                  | Orb.
     0 | D:1      | Reached XP level 1. HP: 19/19 MP: 1/1
   301 | D:1      | Reached XP level 2. HP: 23/27 MP: 2/2
   446 | D:1      | Reached skill level 3 in Long Blades
  1055 | D:1      | Reached XP level 3. HP: 27/33 MP: 3/3
  1401 | D:2      | Noticed Robin
  1415 | D:1      | Reached skill level 4 in Long Blades
  1591 | D:2      | Killed Robin
  1591 | D:2      | Reached XP level 4. HP: 36/40 MP: 4/4
  1880 | D:2      | Found a glowing golden altar of the Shining One.
  1887 | D:2      | Became a worshipper of the Shining One
  2046 | D:2      | Found a burning altar of Makhleb.
  2046 | D:2      | Noticed a cacodemon
  2054 | D:2      | Noticed a ynoxinul
  2054 | D:2      | Noticed a ynoxinul
  2234 | D:3      | Reached skill level 5 in Long Blades
  2234 | D:3      | Reached XP level 5. HP: 46/46 MP: 5/5
  2558 | D:3      | Reached skill level 1 in Dodging
  3076 | D:2      | Found a shattered altar of Ashenzari.
  3165 | D:4      | Noticed an ogre
  3183 | D:3      | HP: 1/46 [ogre/giant club (10)]
  3265 | D:3      | HP: 2/46 [ogre/giant club (11)]
  3268 | D:3      | You fall through a shaft for 2 floors!
  3268 | D:5      | Entered Level 5 of the Dungeon
  3277 | D:5      | Slain by an iguana

Skill      XL: |  1  2  3  4  5 |
---------------+----------------+-----
Long Blades    | 3 4 5 |  5.4
Dodging        | 1 |  1.0
Fighting       | |  3.9
Armour         | |  3.6
Stealth        | |  0.5
Shields        | |  3.6

Action                   |  1- 3 |  4- 6 || total
-------------------------+-------+-------++-------
Melee: Long sword        |   380 |   118 ||   498
Evoke: Wand              |       |     2 ||     2
  Use: Scroll            |     1 |     3 ||     4
  Eat: Chunk             |     3 |       ||     3
       Ration            |       |     2 ||     2
Armor: Scale mail        |    70 |    23 ||    93
       Chain mail        |       |    24 ||    24
Dodge: Dodged            |    46 |    30 ||    76
Block: Shield            |    87 |    50 ||   137
       Rpst.: Long sword |    14 |    10 ||    24
